 Dungeon Crawl Stone Soup version 0.31-a0-986-g5e6e4ef867 (webtiles) character file.

Game seed: 10320390976690894657

105 d4rk the Trooper (level 4, -5/35 HPs)
             Began as a Demonspawn Gladiator on Nov 21, 2023.
             Killed by nerve-wracking pain
             ... invoked by Grinder
              (14 damage)
             ... on level 3 of the Dungeon.
             The game lasted 00:03:44 (1764 turns).

d4rk the Trooper (Demonspawn Gladiator)             Turns: 1764, Time: 00:03:45

Health: -5/35      AC:  9    Str: 14    XL:     4   Next: 54%
Magic:  4/4        EV: 10    Int:  9    God:
Gold:   25         SH:  0    Dex: 17    Spells: 3/3 levels left

rFire   . . .        a - +0 long sword
rCold   . . .        (no shield)
rNeg    . . .        f - +0 scale mail
rPois   .            c - +0 helmet
rElec   .            (no cloak)
rCorr   .            (no gloves)
SInv    .            (no boots)
Will    .....        (no amulet) Stlth
                     (no ring)
HPRegen 0.25/turn    (no ring)
MPRegen 0.09/turn

%: no passive effects
@: no status effects
A: claws 2, icy blue scales 1
a: no special abilities


You were on level 3 of the Dungeon.
You visited 1 branch of the dungeon, and saw 3 of its levels.

You collected 103 gold pieces.
You spent 78 gold pieces at shops.

Inventory:

Hand Weapons
 a - a +0 long sword (weapon)
Missiles
 e - a javelin
Armour
 c - a +0 helmet (worn)
 f - a +0 scale mail (worn)
   (You found it on level 1 of the Dungeon)
Scrolls
 b - a scroll of fog
 g - a scroll of vulnerability {!r}
 h - a scroll of teleportation {@r4}
 i - a scroll of revelation
Potions
 j - a potion of attraction {!q}
 k - a potion of might {unknown}
 l - a potion of haste {unknown}


   Skills:
 * Level 3.4 Fighting
 + Level 3.2 Long Blades
 + Level 2.4 Throwing
 + Level 1.5 Armour
 - Level 2.6 Dodging


You had 3 spell levels left.
You didn't know any spells.
Your spell library contained the following spells:

 Spells                   Type           Power      Damage    Failure   Level
 Anguish                  Hex/Necr       0%         N/A       100%        4
 Cause Fear               Hex            0%         N/A       100%        4
 Enfeeble                 Hex            0%         N/A       100%        7


Dungeon Overview and Level Annotations

Branches:
Dungeon (3/15)

Altars:

Shops:
D:2 ?

Annotations:
D:3 Grinder


Innate Abilities, Weirdness & Mutations

You have very sharp fingernails.
You are partially covered in icy blue scales. (AC +2)


Message History

You see here a throwing net {!f}.
You barely miss Grinder. Grinder hits you but does no damage.
You hit Grinder but do no damage. Grinder hits you!
* * * LOW HITPOINT WARNING * * *
You writhe in agony.
* * * LOW HITPOINT WARNING * * *
You closely miss Grinder.
Grinder grins, showing sharp teeth.
Grinder hits you.
* * * LOW HITPOINT WARNING * * *
You writhe in agony.
* * * LOW HITPOINT WARNING * * *
You closely miss Grinder.
Grinder blinks!
Grinder blinks!
Grinder blinks!
You see here a ball python corpse.
Grinder blinks!
Found 5 gold pieces.
Found 19 gold pieces.
Found a scroll of teleportation.
Found 6 stones.
Found a ring mail and 9 gold pieces.
Grinder is nearby!
Grinder gestures at you.
You suddenly lose the ability to move!
Grinder blinks!
Grinder gestures at you.
You shrug off the repeated paralysis!
Grinder gestures at you. You resist with significant effort.
You can move again.
Throw: throwing net {!f}
Press: ? - help, Q - select action, (/) - cycle Shift-Dir - straight line, f/p - Grinder
Aim: Grinder (moderately wounded, 55% to hit)
You throw a throwing net {!f}. The throwing net {!f} hits Grinder.
Grinder is caught in the net!
Grinder gestures at you. Pain shoots through your body!
* * * LOW HITPOINT WARNING * * *
Grinder struggles against the net.
You barely miss Grinder.
Grinder says, "Just stop there for a second..."
Grinder struggles against the net.
Unknown command.
You catch the helpless Grinder completely off-guard!
You hit Grinder but do no damage. Grinder gestures at you.
Pain shoots through your body!
You die...
Grinder says, "Now the real fun starts!"

#.###### ###
###...... $.#
##.......#####.#
#...?..........#
#........####..#
#.$..$..[# #..#
### #........#
#..#####..
#....5...#
#........#
#....@...#
#.######.
#........#
#.....#
#.########
#####.#### #.
#..... ######
#... #... #...
#...


You could see Grinder (caught).

Vanquished Creatures
  An iguana (D:2)
  Robin (D:2)
  An adder (D:2)
  2 dart slugs (D:1)
  2 ball pythons
  5 bats
  5 endoplasms
  4 giant cockroaches
  8 goblins
  8 hobgoblins
  A quokka (D:2)
  A frilled lizard (D:2)
  7 kobolds
  9 rats
55 creatures vanquished.

Notes
Turn   | Place    | Note
-------+----------+-------------------------------------------
     0 | D:1      | d4rk the Demonspawn Gladiator began the quest for the Orb.
     0 | D:1      | Reached XP level 1. HP: 16/16 MP: 1/1
   101 | D:1      | Gained mutation: You are partially covered in icy blue
                  | scales. (AC +2) [demonic ancestry]
   101 | D:1      | Reached XP level 2. HP: 10/23 MP: 2/2
   767 | D:1      | Gained mutation: You have sharp fingernails. [demonic
                  | ancestry]
   767 | D:1      | Reached XP level 3. HP: 28/28 MP: 3/3
   856 | D:2      | Reached skill level 1 in Armour
   968 | D:2      | Found Hyina's Magic Scroll Shoppe.
   972 | D:2      | Bought a scroll of identify for 26 gold pieces
   972 | D:2      | Bought a scroll of identify for 26 gold pieces
   972 | D:2      | Bought a scroll of identify for 26 gold pieces
  1111 | D:2      | Noticed Robin
  1133 | D:2      | Killed Robin
  1134 | D:2      | Gained mutation: You have very sharp fingernails. [demonic
                  | ancestry]
  1134 | D:2      | Reached XP level 4. HP: 12/35 MP: 4/4
  1687 | D:3      | Noticed Grinder
  1693 | D:3      | Paralysed by Grinder for 4 turns
  1755 | D:3      | Paralysed by Grinder for 5 turns
  1764 | D:3      | Killed from afar by Grinder

Illustrated notes

Levels and vault maps discovered:
D:1:      dpeg_arrival_ratfight, layout_loops_ring
D:2:      layout_loops_cross, serial_shops, shop, uniq_robin
D:3:      layout_basic, marbit_many_paths, dreamdust_princess_bridge,
          uniq_grinder, uniq_jessica, uniq_sigmund

Skill      XL: |  1  2  3 |
---------------+----------+-----
Throwing       | 2 |  2.4
Long Blades    | 3 |  3.2
Armour         | 1 |  1.5
Fighting       | 3 |  3.4
Dodging        | |  2.6

Action                     |  1- 3 |  4- 6 || total
---------------------------+-------+-------++-------
  Melee: Long sword        |   128 |    41 ||   169
  Throw: Throwing net      |       |     3 ||     3
    Use: Scroll            |     5 |       ||     5
   Stab: Held in net/web   |       |     1 ||     1
 Armour: Leather armour    |    14 |       ||    14
         Scale mail        |    83 |    21 ||   104
  Dodge: Dodged            |    85 |    14 ||    99

Table legend: (Time is in decaauts)
 A = Elapsed time spent in this place.
 B = Non-inter-level travel time spent in this place.
 C = Inter-level travel time spent in this place.
 D = Time resting spent in this place.
 E = Time spent auto-exploring this place.
 F = Levels seen in this place.
 G = Mean time per level.
                   A        B        C        D        E       F      G
               +--------+--------+--------+--------+--------+-----+--------+
         Total |   1805 |   1742 |     63 |      0 |   1303 |   3 |  601.7 |
       Dungeon |   1805 |   1742 |     63 |      0 |   1303 |   3 |  601.7 |
               +--------+--------+--------+--------+--------+-----+--------+

Top non-repeatable levels by time:
     D:2: 887 daAuts
     D:1: 824 daAuts
     D:3: 93 daAuts
